 Dungeon Crawl Stone Soup version 0.25.1-9-gc5326a611f (webtiles) character file.

Game seed: 2682575641910096502

15747 hawla the Thaumaturge (level 12, -2/144 HPs)
             Began as a Yellow Draconian Conjurer on Jan 1, 2021.
             Was an Elder of Vehumet.
             Slain by an ice devil (4 damage)
             ... in an ice cave on Jan 2, 2021.
             The game lasted 00:51:26 (18122 turns).

hawla the Thaumaturge (Yellow Draconian Conjurer)  Turns: 18122, Time: 00:51:26

Health: -2/144     AC: 26    Str: 11    XL:     12   Next: 4%
Magic:  3/29       EV:  2    Int: 26    God:    Vehumet [****..]
Gold:   513        SH:  5    Dex: 12    Spells: 18/37 levels left

rFire    . . .     SeeInvis .   k - +1 hand axe (flame)
rCold    + . .     Gourm    .   (no shield)
rNeg     + + +     Faith    .   (armour unavailable)
rPois    +         Spirit   .   (helmet currently unavailable)
rElec    .         Reflect  +   (cloak currently unavailable)
rCorr    .         Harm     .   (gloves currently unavailable)
MR       +....     NoTele   +   (boots currently unavailable)
Stlth    ++........             z - amulet of reflection
HPRegen  0.34/turn              s - ring of protection from cold
MPRegen  0.21/turn              r - +6 ring of intelligence

@: tree-form
A: (spit acid), unfitting armour, magic resistance 1, screaming 1, AC +8
a: Renounce Religion


You were in an ice cave.
You worshipped Vehumet.
Vehumet was greatly pleased with you.
You were not hungry.
You were a tree.
You visited 2 branches of the dungeon, and saw 12 of its levels.
You also visited: Ice Cave.

You collected 513 gold pieces.

Inventory:

Hand Weapons
 k - a +1 hand axe of flaming (weapon)
 x - a +2 quarterstaff of chaos
Missiles
 d - 31 poisoned darts (quivered)
 e - 12 boomerangs
 l - 7 datura-tipped darts
Armour
 j - a +2 pair of gloves (melded)
 y - a +0 cloak (melded)
 E - a +1 pair of boots (melded)
Jewellery
 r - a +6 ring of intelligence (right branch)
 s - a ring of protection from cold (left branch)
 u - an uncursed amulet of faith
 z - an amulet of reflection (around neck)
 D - an uncursed ring of protection from magic
 H - an uncursed ring of flight
Wands
 g - a wand of polymorph (15)
 i - a wand of acid (18)
 o - a wand of random effects (11)
 t - a wand of paralysis (1)
Scrolls
 c - a scroll of holy word
 h - 3 scrolls of teleportation
 n - 3 scrolls of enchant weapon
 v - a scroll of amnesia
 F - a scroll of enchant armour
 J - a scroll of silence
 K - a scroll of identify
Potions
 f - 4 potions of flight
 m - a potion of might
 p - a potion of stabbing
 q - a potion of brilliance
 G - a potion of resistance
Comestibles
 b - 20 rations


   Skills:
 - Level 6.0 Fighting
 - Level 6.0 Staves
 - Level 4.0 Dodging
 - Level 2.9 Stealth
 + Level 13.4 Spellcasting
 - Level 7.6 Conjurations
 - Level 1.5 Hexes
 - Level 5.0 Translocations
 - Level 1.6 Ice Magic
 - Level 1.0 Evocations


You had 18 spell levels left.
You knew the following spells:

 Your Spells              Type           Power        Failure   Level  Hunger
a - Magic Dart            Conj           ####         1%          1    None
b - Searing Ray           Conj           ######       1%          2    None
c - Iskenderun's Mystic   Conj/Tloc      ######..     1%          4    None
d - Ensorcelled Hibernat  Hex/Ice        ####..       2%          2    None
e - Frozen Ramparts       Ice            ####..       1%          3    None
f - Hailstorm             Conj/Ice       #####...     1%          4    None
g - Conjure Flame         Conj/Fire      #####...     1%          3    None

Your spell library contained the following spells:

 Spells                   Type           Power        Failure   Level  Hunger
 Corona                   Hex            ####...      1%          1    None
 Blink                    Tloc           N/A          1%          2    None
 Dazzling Flash           Conj/Hex       #####.       1%          3    None
 Mephitic Cloud           Conj/Pois/Air  ####....     1%          3    None
 Fulminant Prism          Conj/Hex       #####.....   1%          4    None
 Slow                     Hex            ####....     2%          2    None
 Call Imp                 Summ           ###.....     4%          2    None
 Confusing Touch          Hex            ####....     5%          3    None
 Tukima's Dance           Hex            ####....     5%          3    None


Dungeon Overview and Level Annotations

Branches:
Dungeon (11/15)            Temple (1/1) D:7            Lair (0/6) D:11
    Orc (0/2) D:10          IceCv (1/1)

Altars:
Ashenzari
Cheibriados
Dithmenos
Elyvilon
Fedhas
Gozag
Hepliaklqana
Kikubaaqudgha
Makhleb
Nemelex Xobeh
Okawaru
Qazlal
Ru
Sif Muna
Trog
Uskayaw
Vehumet
Wu Jian
Xom
Yredelemnul
Zin
The Shining One

Shops:
D:7 *   D:11 ?


Innate Abilities, Weirdness & Mutations

((You can spit globs of acid.))
((Your golden yellow scales are hard. (AC +8)))
You cannot fit into any form of body armour.
((You are cold-blooded and may be slowed by cold attacks.))
((You are resistant to acid. (rCorr)))
((You have large cloven feet.))
You are resistant to hostile enchantments. (MR+)
You occasionally shout uncontrollably at your foes.


Message History

The ice devil is moderately wounded.
The ice devil closely misses you. The ice devil hits you!
* * * LOW HITPOINT WARNING * * *
The ice devil freezes you. You resist.
* * * LOW HITPOINT WARNING * * *
Really quaff the potion of lignification?
You turn into a tree.
Your +0 cloak melds into your body.
Your +2 pair of gloves melds into your body.
Your +1 pair of boots melds into your body.
Your roots penetrate the ground.
The ice devil hits you.
* * * LOW HITPOINT WARNING * * *
The ice devil freezes you. You resist.
* * * LOW HITPOINT WARNING * * *
You hit the ice devil. You burn the ice devil.
The ice devil is heavily wounded.
The ice devil hits you but does no damage.
You hit the ice devil but do no damage.
The ice devil is heavily wounded.
The ice devil hits you.
You die...

##### ##...##
##.....##
#...∩...#
#...∩...#
##.....##
##...## #♣4°##
##...# ##...#
#...## #...#
#.....#
#..........
.............
.............#


You could see an ice devil.

Vanquished Creatures
  Snorg (D:10)
  3 two-headed ogres
  Nergalle (D:11)
  2 unseen horrors
  An oklob plant (D:9)
  A moth of wrath (D:10)
  Maurice (D:8)
  2 centaur skeletons
  2 rime drakes (D:11)
  5 ice devils (IceCv)
  A queen bee (D:9)
  A troll (D:7)
  Prince Ribbit (D:8)
  A meliai zombie (D:10)
  A hippogriff (D:9)
  A shadow (D:11)
  A wyvern (D:5)
  A wraith (D:10)
  4 yaks (D:10)
  A hungry ghost (D:9)
  2 water moccasins (D:9)
  Duvessa (D:6)
  A sky beast (D:5)
  3 ice beasts
  4 orc warriors
  A phantom (D:3)
  2 black bears
  An eye of draining (D:10)
  2 centaurs
  A necrophage (D:6)
  2 ogres
  4 bullfrogs
  A water moccasin zombie (D:11)
  Dowan (D:6)
  6 scorpions
  35 killer bees
  8 wights
  7 howler monkeys
  A crimson imp (D:5)
  A bullfrog zombie (D:5)
  A quasit (D:10)
  3 hounds
  5 jellies
  10 orc wizards
  Crazy Yiuf (D:6)
  A bullfrog skeleton (D:9)
  7 orc priests
  An iron imp (D:6)
  3 iguanas
  9 worker ants
  A killer bee zombie (D:9)
  A hound zombie (D:6)
  A hound skeleton (D:10)
  A worker ant zombie (D:8)
  A howler monkey skeleton (D:7)
  7 gnolls
  17 adders
  4 shadow imps
  7 oozes (D:3)
  2 adder skeletons
  A worm (D:3)
  7 leopard geckos
  42 orcs
  3 ball pythons (D:3)
  5 bats
  9 giant cockroaches
  7 goblins
  6 hobgoblins
  9 jackals
  5 quokkas
  10 frilled lizards
  A goblin skeleton (D:6)
  2 hobgoblin zombies (D:6)
  13 kobolds
  A kobold skeleton (D:6)
  3 orc skeletons (D:6)
  4 orc zombies (D:6)
  14 rats
  A bush (D:9)
  5 plants (D:9)
347 creatures vanquished.

Vanquished Creatures (others)
  A fungus (D:11)
  11 toadstools (D:3)
12 creatures vanquished.

Grand Total: 359 creatures vanquished

Notes
Turn   | Place    | Note
-------+----------+-------------------------------------------
     0 | D:1      | hawla the Draconian Conjurer began the quest for the Orb.
     0 | D:1      | Reached XP level 1. HP: 14/14 MP: 3/3
   424 | D:1      | Reached XP level 2. HP: 20/20 MP: 1/5
   428 | D:1      | Learned a level 2 spell: Searing Ray
   980 | D:2      | Reached XP level 3. HP: 22/26 MP: 0/7
  1625 | D:2      | Reached skill level 3 in Spellcasting
  1921 | D:3      | Noticed a phantom
  2000 | D:3      | Killed a phantom
  2000 | D:3      | Reached skill level 5 in Conjurations
  2000 | D:3      | Reached XP level 4. HP: 14/33 MP: 1/9
  2000 | D:3      | Reached XP level 5. HP: 16/38 MP: 1/10
  2006 | D:3      | Learned a level 4 spell: Iskenderun's Mystic Blast
  2386 | D:3      | Reached skill level 4 in Spellcasting
  2386 | D:3      | Reached skill level 1 in Translocations
  3595 | D:3      | Reached XP level 6. HP: 45/45 MP: 8/12
  4269 | D:4      | Your scales start taking on a golden yellow colour.
  4269 | D:4      | Reached XP level 7. HP: 50/50 MP: 9/14
  4269 | D:4      | Gained mutation: You are resistant to acid. (rCorr) [Yellow
                  | Draconian growth]
  4372 | D:4      | Found a shadowy altar of Dithmenos.
  4912 | D:5      | Entered Level 5 of the Dungeon
  4922 | D:5      | Gained mutation: You are dopey. (Int -2) [potion of
                  | mutation]
  4922 | D:5      | Gained mutation: Your flesh is cold resistant. (rC+)
                  | [potion of mutation]
  4922 | D:5      | Gained mutation: Your muscles are strong. (Str +2) [potion
                  | of mutation]
  4922 | D:5      | Gained mutation: You have very sharp teeth. [potion of
                  | mutation]
  4923 | D:5      | Lost mutation: Your muscles are strong. (Str +2) [potion of
                  | mutation]
  4923 | D:5      | Lost mutation: You are dopey. (Int -2) [potion of mutation]
  4923 | D:5      | Lost mutation: Your flesh is cold resistant. (rC+) [potion
                  | of mutation]
  4923 | D:5      | Lost mutation: You have very sharp teeth. [potion of
                  | mutation]
  4923 | D:5      | Gained mutation: You occasionally shout uncontrollably at
                  | your foes. [potion of mutation]
  4923 | D:5      | Gained mutation: You are resistant to hostile enchantments.
                  | (MR+) [potion of mutation]
  4923 | D:5      | Gained mutation: You are highly resistant to hostile
                  | enchantments. (MR++) [potion of mutation]
  4924 | D:5      | Noticed Duvessa
  4924 | D:5      | Noticed Dowan
  5314 | D:5      | Reached skill level 5 in Spellcasting
  5907 | D:5      | Noticed a wyvern
  5956 | D:5      | Killed a wyvern
  6248 | D:5      | Reached XP level 8. HP: 57/57 MP: 2/16
  6884 | D:6      | Killed Dowan
  7140 | D:6      | Learned a level 2 spell: Ensorcelled Hibernation
  7320 | D:6      | Found a glowing golden altar of the Shining One.
  7344 | D:6      | Reached skill level 6 in Spellcasting
  7779 | D:6      | Reached skill level 1 in Hexes
  7779 | D:6      | Reached skill level 1 in Ice Magic
  7915 | D:6      | Killed Duvessa
  7927 | D:6      | Reached skill level 5 in Translocations
  8126 | D:6      | Found a runed translucent door.
  8127 | D:6      | Noticed Crazy Yiuf
  8207 | D:6      | Killed Crazy Yiuf
  8311 | D:6      | Reached skill level 1 in Fighting
  8311 | D:6      | Reached skill level 1 in Evocations
  8885 | D:7      | Reached XP level 9. HP: 67/67 MP: 13/18
  8917 | D:7      | Noticed a troll
  8925 | D:7      | Killed a troll
  8940 | D:7      | Reached skill level 7 in Spellcasting
  9303 | D:7      | Found a staircase to the Ecumenical Temple.
  9312 | Temple   | Entered the Ecumenical Temple
  9548 | Temple   | Became a worshipper of Vehumet
  9801 | D:7      | Found Vueplih's General Store.
 10154 | D:8      | Reached skill level 8 in Spellcasting
 10269 | D:8      | Noticed Maurice
 10309 | D:8      | Killed Maurice
 10309 | D:8      | Reached skill level 9 in Spellcasting
 10606 | D:8      | Lost mutation: You occasionally shout uncontrollably at
                  | your foes. [potion of mutation]
 10606 | D:8      | Lost mutation: You are highly resistant to hostile
                  | enchantments. (MR++) [potion of mutation]
 10606 | D:8      | Gained mutation: You occasionally shout uncontrollably at
                  | your foes. [potion of mutation]
 10606 | D:8      | Gained mutation: You have large cloven feet. [potion of
                  | mutation]
 10732 | D:8      | Noticed Prince Ribbit
 10745 | D:8      | Killed Prince Ribbit
 11519 | D:9      | Reached XP level 10. HP: 73/73 MP: 14/23
 11520 | D:9      | Reached * piety under Vehumet
 11520 | D:9      | Offered knowledge of Foxfire by Vehumet.
 11664 | D:9      | Reached skill level 10 in Spellcasting
 11689 | D:9      | Killed an unseen horror
 12414 | D:9      | Reached skill level 1 in Staves
 12468 | D:8      | HP: 3/73 [poisoned by a killer bee]
 12476 | D:8      | HP: 2/73 [poisoned by a killer bee]
 12484 | D:8      | HP: 2/73 [poisoned by a killer bee]
 13814 | D:9      | Reached skill level 11 in Spellcasting
 13921 | D:9      | Reached ** piety under Vehumet
 14254 | D:9      | Offered knowledge of Freeze by Vehumet.
 14631 | D:9      | Found a blossoming altar of Fedhas.
 14654 | D:9      | Noticed an oklob plant
 15159 | D:9      | Killed an oklob plant
 15371 | D:10     | Entered Level 10 of the Dungeon
 15721 | D:10     | Found a staircase to the Orcish Mines.
 15876 | D:10     | Offered knowledge of Frozen Ramparts by Vehumet.
 15876 | D:10     | Reached XP level 11. HP: 85/85 MP: 13/26
 15881 | D:10     | Learned a level 3 spell: Frozen Ramparts
 16027 | D:10     | Noticed a two-headed ogre
 16057 | D:10     | Killed a two-headed ogre
 16057 | D:10     | Reached skill level 5 in Fighting
 16479 | D:10     | Reached *** piety under Vehumet
 16548 | D:10     | Reached skill level 5 in Staves
 16685 | D:10     | Noticed a two-headed ogre
 16694 | D:10     | Killed a two-headed ogre
 16699 | D:10     | Noticed Snorg
 16709 | D:10     | Killed Snorg
 17219 | D:10     | Reached skill level 12 in Spellcasting
 17225 | D:10     | Offered knowledge of Hailstorm by Vehumet.
 17234 | D:10     | Learned a level 4 spell: Hailstorm
 17638 | D:11     | Found Onute's Magic Scroll Emporium.
 17649 | D:11     | Killed an unseen horror
 17663 | D:11     | Noticed a two-headed ogre
 17685 | D:11     | Noticed Nergalle
 17696 | D:11     | Killed a two-headed ogre
 17735 | D:11     | Killed Nergalle
 17735 | D:11     | Reached skill level 13 in Spellcasting
 17739 | D:11     | Found a frozen archway.
 17745 | IceCv    | Entered an ice cave
 18092 | IceCv    | Learned a level 3 spell: Conjure Flame
 18113 | IceCv    | Reached XP level 12. HP: 48/96 MP: 2/29
 18115 | IceCv    | Reached **** piety under Vehumet
 18120 | IceCv    | HP: 5/144 [ice devil (3)]
 18120 | IceCv    | HP: 1/144 [ice devil (4)]
 18122 | IceCv    | Slain by an ice devil

Illustrated notes

Levels and vault maps discovered:
D:1:      dpeg_arrival_arbitrary_b, layout_basic
D:2:      layout_rooms
D:3:      cheibrodos_fertilizer, layout_basic, portal_sewer_entry_e,
          chequers_serial_rivers_small_b, kennysheep_generic_room_3
D:4:      layout_basic, nicolae_dithmenos_the_darkroom
D:5:      minmay_chambers_of_fours, layout_basic, first_ration,
          hangedman_decor_lopped, uniq_duvessa
D:6:      layout_loops_cross, minmay_misc_feat_rows,
          nicolae_tso_besieged_by_evil, uniq_crazy_yiuf_cottage
D:7:      layout_loops_ring, minmay_temple_entry_gardened_gates, serial_shops,
          shop
D:8:      layout_gridville, uniq_maurice, uniq_prince_ribbit1
D:9:      layout_roguey, david_nohive_1, tgw_fedhas
D:10:     layout_long_grid, hiddenorc2_lemuel, minmay_increasing_density,
          uniq_snorg
D:11:     layout_small_grid, due_lair_maze_entry_diamond, portal_ice_cave_rime,
          serial_shops, shop, gammafunk_ghost_split, water_maze_lemuel,
          uniq_nergalle
Temple:   nicolae_temple_the_god_donut
IceCv:    ice_cave_tombish

Skill      XL: |  1  2  3  4  5  6  7  8  9 10 11 |
---------------+----------------------------------+-----
Spellcasting   | 3 4 5 6 9 11 13 | 13.4
Conjurations   | 5 6 7 |  7.6
Translocations | 1 2 4 5 |  5.0
Hexes          | 1 |  1.5
Ice Magic      | 1 |  1.6
Fighting       | 2 4 6 |  6.0
Dodging        | 2 4 |  4.0
Evocations     | 1 |  1.0
Stealth        | 2 |  2.9
Staves         | 4 6 |  6.0

Action                   |  1- 3 |  4- 6 |  7- 9 | 10-12 || total
-------------------------+-------+-------+-------+-------++-------
Melee: Hand axe          |    24 |    31 |    46 |    19 ||   120
       Tailslap          |     1 |       |    10 |    22 ||    33
       Quarterstaff      |       |       |    33 |   124 ||   157
       Kick              |       |       |     2 |       ||     2
Throw: Dart              |       |       |       |     4 ||     4
 Cast: Magic Dart        |    54 |    35 |    68 |    72 ||   229
       Searing Ray       |    14 |    22 |    77 |   103 ||   216
       Iskenderun's Myst |       |     1 |    30 |    73 ||   104
       Ensorcelled Hiber |       |       |     6 |     4 ||    10
       Frozen Ramparts   |       |       |       |     4 ||     4
       Conjure Flame     |       |       |       |     2 ||     2
  Use: Scroll            |     7 |     1 |    14 |     6 ||    28
       Potion            |       |     2 |    11 |     7 ||    20
 Stab: Paralysed         |       |       |     3 |       ||     3
       Confused          |       |       |       |     1 ||     1
  Eat: Chunk             |     4 |     6 |    17 |    11 ||    38
       Ration            |       |     1 |     2 |     3 ||     6
Armor: Skin              |    10 |    23 |    92 |   193 ||   318
Dodge: Dodged            |    18 |    27 |   183 |   152 ||   380
Block: Other             |       |       |       |    36 ||    36
       Reflection        |       |       |       |     2 ||     2
